 Dungeon Crawl Stone Soup version 0.28-a0-863-g8cecda6153 (webtiles) character file.

Game seed: 5798030451739356661

8 malapresta the Conjurer (level 1, 0/14 HPs)
             Began as a Demigod Conjurer on Nov 20, 2021.
             Slain by a quokka (3 damage)
             ... on level 1 of the Dungeon.
             The game lasted 00:00:44 (163 turns).

malapresta the Conjurer (Demigod Conjurer)           Turns: 163, Time: 00:00:45

Health: 0/14       AC:  2    Str:  8    XL:     1   Next: 80%
Magic:  1/5        EV: 12    Int: 20    God:
Gold:   0          SH:  0    Dex: 12    Spells: 2/3 levels left

rFire   . . .      SeeInvis .   (no weapon)
rCold   . . .      Faith    .   (no shield)
rNeg    . . .      Spirit   .   a - +0 robe
rPois   .          Reflect  .   (no helmet)
rElec   .          Harm     .   (no cloak)
rCorr   .          Rampage  .   (no gloves)
Will    .....                   (no boots)
Stlth   ++........              (no amulet)
HPRegen 0.04/turn               (no ring)
MPRegen 0.09/turn               (no ring)

@: no status effects
A: high mp 1, forlorn
a: no special abilities


You were on level 1 of the Dungeon.
You visited 1 branch of the dungeon, and saw 1 of its levels.

Inventory:

Armour
 a - a +0 robe (worn)


   Skills:
 + Level 1.8 Dodging
 + Level 1.8 Stealth
 + Level 1.8 Spellcasting
 + Level 4.0 Conjurations


You had 2 spell levels left.
You knew the following spells:

 Your Spells              Type           Power      Damage    Failure   Level
a - Magic Dart            Conj           68%        1d6       3%          1

Your spell library contained the following spells:

 Spells                   Type           Power      Damage    Failure   Level
 Searing Ray              Conj           34%        2d5       4%          2
 Dazzling Flash           Conj/Hex       18%        N/A       22%         3
 Fulminant Prism          Conj/Hex       4%         3d6       56%         4
 Iskenderun's Mystic Bla  Conj/Tloc      9%         2d4       56%         4


Dungeon Overview and Level Annotations

Branches:
Dungeon (1/15)


Innate Abilities, Weirdness & Mutations

Your attributes grow dramatically as you level up.
You have an increased reservoir of magic. (+10% MP)
You shall have no god before yourself.


Message History

You kill the hobgoblin!
A goblin comes into view. It is wielding a +0 club.
The magic dart hits the goblin.
The goblin is moderately wounded.
The magic dart hits the goblin but does no damage.
The goblin is moderately wounded.
The magic dart hits the goblin but does no damage.
The goblin is moderately wounded.
The magic dart hits the goblin.
You kill the goblin!
You are too depleted to draw on your mana recklessly!
A quokka comes into view.
You are too depleted to draw on your mana recklessly!
You are too depleted to draw on your mana recklessly!
Sorry, you're not good enough to have a special ability.
An endoplasm comes into view.
A kobold comes into view. It is wielding a +0 dagger.
The magic dart hits the kobold.
The kobold is heavily wounded.
The kobold shouts!
The magic dart hits the endoplasm.
You kill the endoplasm!
The magic dart hits the kobold.
You kill the kobold!
Your Conjurations skill increases to level 4!
A quokka is nearby!
You are too depleted to draw on your mana recklessly!
You are too depleted to draw on your mana recklessly!
The quokka bites you.
You barely miss the quokka. The quokka closely misses you.
You barely miss the quokka. The quokka bites you. The quokka misses you.
You hit the quokka but do no damage. The quokka closely misses you.
You closely miss the quokka. The quokka bites you.
You closely miss the quokka. The quokka misses you.
You miss the quokka. The quokka bites you.
* * * LOW HITPOINT WARNING * * *
You hit the quokka but do no damage. The quokka bites you.
* * * LOW HITPOINT WARNING * * *
The quokka bites you.
You die...

#########.#
#.........# ##
# #........##
.. .#
#........# .#
..#
######..### .#
.... ##...##
.#....#
###..##...##..
##..........
##@..#.[...
#r........
..........
...........
.......#####
†.[.....#
..........
..........##


You could see a quokka.

Vanquished Creatures
  2 endoplasms (D:1)
  A goblin (D:1)
  2 hobgoblins (D:1)
  A kobold (D:1)
6 creatures vanquished.

Notes
Turn   | Place    | Note
-------+----------+-------------------------------------------
     0 | D:1      | malapresta the Demigod Conjurer began the quest for the
                  | Orb.
     0 | D:1      | Reached XP level 1. HP: 14/14 MP: 5/5
   148 | D:1      | Reached skill level 4 in Conjurations
   163 | D:1      | Slain by a quokka

Illustrated notes

Levels and vault maps discovered:
D:1:      wheals_arrival_shading, layout_rooms,
          hellmonk_ecumenical_altar_heavens_door

Skill      XL: |  1 |
---------------+----+-----
Conjurations   | 4 |  4.0
Dodging        | |  1.8
Stealth        | |  1.8
Spellcasting   | |  1.8

Action                   || total
-------------------------++-------
Melee: Unarmed           ||     7
 Cast: Magic Dart        ||    14
Dodge: Dodged            ||     4

Table legend: (Time is in decaauts)
 A = Elapsed time spent in this place.
 B = Non-inter-level travel time spent in this place.
 C = Inter-level travel time spent in this place.
 D = Time resting spent in this place.
 E = Time spent auto-exploring this place.
 F = Levels seen in this place.
 G = Mean time per level.
                   A        B        C        D        E       F      G
               +--------+--------+--------+--------+--------+-----+--------+
         Total |    163 |    158 |      5 |      0 |    100 |   1 |  163.0 |
       Dungeon |    163 |    158 |      5 |      0 |    100 |   1 |  163.0 |
               +--------+--------+--------+--------+--------+-----+--------+

Top non-repeatable levels by time:
     D:1: 163 daAuts
